 Dungeon Crawl Stone Soup version 0.23-a0-333-g006994f (webtiles) character file.

44 Garbasso the Skirmisher (level 3, -8/55 HPs)
             Began as an Ogre Arcane Marksman on Oct 17, 2018.
             Mangled by Crazy Yiuf
             ... wielding a +4 quarterstaff of chaos
              (15 damage)
             ... on level 2 of the Dungeon.
             The game lasted 00:07:16 (2723 turns).

Garbasso the Skirmisher (Ogre Arcane Marksman)      Turns: 2723, Time: 00:07:17

Health: -8/55      AC: 21    Str: 14    XL:     3   Next: 60%
Magic:  2/2        EV:  1    Int: 15    God:
Gold:   59         SH:  0    Dex:  9    Spells: 5/6 levels left

rFire    . . .     SeeInvis .   t - +2 spear (antimagic)
rCold    . . .     Gourm    .   (no shield)
rNeg     + + +     Faith    .   (armour currently unavailable)
rPois    +         Spirit   .   (helmet currently unavailable)
rElec    .         Reflect  .   (cloak currently unavailable)
rCorr    .         Harm     .   (gloves unavailable)
MR       .....     NoTele   +   (boots unavailable)
Stlth    +.........             (no amulet)
HPRegen  0.18/turn              (no ring)
MPRegen  0.08/turn              (no ring)

@: lethally poisoned (-8 -> -14), tree-form, drained
A: large, unfitting armour
a: no special abilities


You were on level 2 of the Dungeon.
You were hungry.
You were a tree.
You visited 1 branch of the dungeon, and saw 2 of its levels.

You collected 59 gold pieces.

Inventory:

Hand Weapons
 h - a +0 spear
 t - a +2 antimagic spear (weapon)
Missiles
 c - 4 large rocks {=f}
 d - 2 throwing nets {=f}
 m - 36 stones (quivered)
Armour
 a - a +0 robe (melded)
Jewellery
 p - a +5 ring of dexterity {unknown}
Scrolls
 b - a scroll of fear {unknown}
 e - 4 scrolls of identify {unknown}
 j - 2 scrolls of remove curse {unknown}
 n - a scroll of amnesia {unknown}
 q - a scroll of noise {unknown}
 r - 3 scrolls of teleportation {unknown}
Potions
 g - a potion of cancellation {unknown}
 i - a potion of curing {unknown}
 k - a potion of haste {unknown}
 l - a potion of ambrosia {unknown}
 o - a potion of heal wounds {unknown}
Comestibles
 f - 3 rations


   Skills:
 * Level 3.3(2.9) Fighting
 + Level 2.5(2.2) Throwing
 - Level 1.7(1.4) Dodging
 + Level 2.1(1.7) Spellcasting
 - Level 2.6(2.3) Hexes


You had 5 spell levels left.
You knew the following spells:

 Your Spells              Type           Power        Failure   Level  Hunger
a - Corona                Hex            #......      9%          1    ##.....

Your spell library contained the following spells:

 Spells                   Type           Power        Failure   Level  Hunger
 Slow                     Hex            #.......     13%         2    ###....
 Inner Flame              Hex/Fire       #.......     38%         3    ####...
 Portal Projectile        Hex/Tloc       #.....       38%         3    ####...
 Cause Fear               Hex            #.........   65%         4    #####..
 Leda's Liquefaction      Hex/Erth       #.........   80%         4    #####..


Dungeon Overview and Level Annotations

Branches:
Dungeon (2/15)

Altars:
Cheibriados
Nemelex Xobeh

Annotations:
D:2 Crazy Yiuf


Innate Abilities, Weirdness & Mutations

You are too large for most types of armour.
((You have tough skin. (AC +1)))


Message History

Crazy Yiuf hits you with a +4 quarterstaff of chaos.
You are poisoned.
You barely miss Crazy Yiuf.
You feel sick.
Crazy Yiuf hits you with a +4 quarterstaff of chaos!
You feel drained.
You are too injured to fight recklessly!
You barely miss Crazy Yiuf.
You feel sick.
Crazy Yiuf hits you with a +4 quarterstaff of chaos!
* * * LOW HITPOINT WARNING * * *
Crazy Yiuf freezes you.
* * * LOW HITPOINT WARNING * * *
It was a potion of lignification.
You turn into a tree.
Your +0 robe melds into your body.
Your roots penetrate the ground.
* * * LOW HITPOINT WARNING * * *
You feel sick. Crazy Yiuf hits you but does no damage.
You hit Crazy Yiuf.
Crazy Yiuf is lightly wounded.
* * * LOW HITPOINT WARNING * * *
You feel sick. Crazy Yiuf hits you but does no damage.
You are electrocuted!
You die...

#####............................
...........#...............#.#..#
###........###########..<#.#.#...
#..>.....# #...#.#.#..#
#........# ##### #####.#.##.#
#........# #)..# #....)#.....
########## #...# #......###.#
###### #.g.# #......+.... .....#
#♣# #......###.# .....# ♣.♣♣
#......# #(# .....# ♣♣.♣ #......#
#.# .....# ♣.♣♣ #......###.#
.....# ♣♣.♣ #..........#
.....#### ♣♣.♣♣ ##+#+##.....
........# ♣♣PP.♣ #.#.##.....
........# ♣P..P♣ ##'#.##.....
........# #....# #...........


You could see Crazy Yiuf.

Vanquished Creatures
  2 worms (D:2)
  3 dart slugs (D:1)
  A leopard gecko (D:1)
  An orc (D:2)
  2 giant cockroaches (D:1)
  4 goblins
  4 hobgoblins
  5 bats
  A frilled lizard (D:2)
  3 kobolds
  2 rats
28 creatures vanquished.

Notes
Turn   | Place    | Note
-------+----------+-------------------------------------------
     0 | D:1      | Garbasso the Ogre Arcane Marksman began the quest for the
                  | Orb.
     0 | D:1      | Reached XP level 1. HP: 19/19 MP: 2/2
   314 | D:1      | Reached skill level 2 in Fighting
   404 | D:1      | Reached XP level 2. HP: 28/28 MP: 2/4
  1362 | D:2      | Reached XP level 3. HP: 32/36 MP: 5/5
  1586 | D:2      | Reached skill level 3 in Fighting
  1774 | D:2      | Found a snail-covered altar of Cheibriados.
  1887 | D:2      | Found a sparkling altar of Nemelex Xobeh.
  2534 | D:2      | Found a runed door.
  2717 | D:2      | Noticed Crazy Yiuf
  2723 | D:2      | Mangled by Crazy Yiuf

Vault maps used:
D:1:      dpeg_arrival_short_road
D:2:      lemuel_crystal_altar, minmay_misc_feat_encased,
          nemelex_diamond_rough_becter, uniq_crazy_yiuf_cottage

Skill      XL: |  1  2  3 |
---------------+----------+-----
Fighting       | 2 3 |  3.3
Spellcasting   | 2 |  2.1
Throwing       | |  2.5
Dodging        | |  1.7
Hexes          | |  2.6

Action                   || total
-------------------------++-------
Melee: Dagger            ||   117
       Unarmed           ||    14
       Spear             ||    19
Throw: Stone             ||    67
       Large rock        ||     4
 Cast: Corona            ||     5
  Use: Potion            ||     1
  Eat: Chunk             ||     5
Armor: Robe              ||    56
       Skin              ||     2
Dodge: Dodged            ||    79

Table legend:
 A = Non-vault XP
 B = Vault XP
 C = Vault XP percentage of total XP
 D = Non-vault monster count
 E = Vault monster count
 F = Vault count percentage of total count
                 A         B        C        D         E       F
            +---------+---------+-------+---------+---------+-------
      Total |      63 |       0 |   0.0 |      28 |       0 |   0.0
            +---------+---------+-------+---------+---------+-------
        D:1 |      32 |       0 |   0.0 |      15 |       0 |   0.0
        D:2 |      31 |       0 |   0.0 |      13 |       0 |   0.0
            +---------+---------+-------+---------+---------+-------
